 Dungeon Crawl Stone Soup version 0.17.1-1-g73c8601 (webtiles) character file.

9 Mysteryquy the Digger (level 2, -4/15 HPs)
             Began as a Gargoyle Earth Elementalist on Jan 7, 2016.
             Slain by a kobold
             ... wielding a +0 whip
              (5 damage)
             ... on level 1 of the Dungeon.
             The game lasted 00:02:24 (673 turns).

Mysteryquy the Digger (Gargoyle Earth Elementalist)  Turns: 673, Time: 00:02:24

Health: -4/15      AC:  4    Str: 11    XL:     2   Next: 16%
Magic:  0/5        EV: 12    Int: 15    God:
Gold:   46         SH:  0    Dex: 10    Spells: 1 memorised, 4 levels left

rFire  . . .     SeeInvis .     (no weapon)
rCold  . . .     Clarity  .     a - +0 robe
rNeg   + . .     SustAt   .     (no shield)
rPois  ∞         Gourm    .     (no helmet)
rElec  +         Spirit   .     (no cloak)
rCorr  .         Warding  .     (no gloves)
rMut   .         Stasis   .     (no boots)
MR     .....                    (no amulet)
Stlth  ++........               (no ring)
                                (no ring)

@: not resistant to hostile enchantments, unstealthy
A: negative energy resistance 1, electricity resistance, unbreathing,
petrification resistance, rot immunity, AC +2
a: no special abilities


You were on level 1 of the Dungeon.
You were not hungry.

You visited 1 branch of the dungeon, and saw 1 of its levels.

You collected 46 gold pieces.

Inventory:

Missiles
 b - 20 stones (quivered)
Armour
 a - a +0 robe (worn)
Scrolls
 e - a scroll of remove curse {unknown}
 h - 2 scrolls of enchant armour {unknown}
Potions
 f - a potion of brilliance {unknown}
 i - a potion of beneficial mutation {unknown}
Books
 c - a book of Geomancy

   Spells                             Type                      Level
   a - Sandblast                      Earth                        1
   b - Stoneskin                      Transmutation/Earth          2
   c - Passwall                       Transmutation/Earth          3
   d - Stone Arrow                    Conjuration/Earth            3
   e - Petrify                        Transmutation/Earth          4
   f - Lee's Rapid Deconstruction     Earth                        5
Comestibles
 d - 2 bread rations
 g - a meat ration


   Skills:
 - Level 1.5 Dodging
 - Level 2.1 Stealth
 * Level 2.3 Spellcasting
   Level 0.7 Transmutations
 + Level 3.9 Earth Magic


You had 4 spell levels left.
You knew the following spells:

 Your Spells              Type           Power        Failure   Level  Hunger
a - Sandblast             Erth           ##....       4%          1    #......


Dungeon Overview and Level Annotations

Branches:
Dungeon (1/15)

Altars:


Innate Abilities, Weirdness & Mutations

You are resistant to torment.
Your stone body is resilient (AC +2).
You are immune to poison.
You resist negative energy.
You are resistant to electric shocks.
You can survive without breathing.
You are immune to petrification.
You are immune to rotting.


Message History

Casting: Sandblast
Confirm with . or Enter, or press ? or * to list all spells.
You don't have enough magic to cast that spell.
You see here a short sword.
The ooze jiggles.
Casting: Sandblast
Confirm with . or Enter, or press ? or * to list all spells.
Aiming: Sandblast
Press: ? - help, Shift-Dir - straight line, f/p - kobold
Aim: a kobold, wielding a whip The blast of sand hits the kobold.
The kobold misses you.
There are monsters nearby!
Casting: Sandblast
Confirm with . or Enter, or press ? or * to list all spells.
You don't have enough magic to cast that spell.
You barely miss the kobold. The kobold hits you with a whip.
* * * LOW HITPOINT WARNING * * *
You closely miss the kobold. The kobold closely misses you.
You closely miss the kobold. The kobold hits you with a whip.
You die...

...#≈≈≈#≈≈≈#≈≈≈#..#..#.#..#
...#≈≈≈#≈≈≈#≈≈≈#.....#.#..#
..##...#...#...#..####.####
####...#...#...#.......##########
#.##...#...##'##...###...........
...#...#..###..#.................
...#...##'#....#.#..##.........).
#'###'##......##.#...........####
#...........####@#...........# #
........##### #K#...........# #
...###### #J#...........# #
####.....#######.#...........# #
..............###.#.####### #
........#.................
.#.##....#.......#..#######
........)........#...
.................#.>.


You could see an ooze and a kobold.

Vanquished Creatures
  3 goblins (D:1)
  A hobgoblin (D:1)
  A ball python (D:1)
  3 bats (D:1)
  2 kobolds (D:1)
10 creatures vanquished.

Notes
Turn   | Place    | Note
--------------------------------------------------------------
     0 | D:1      | Mysteryquy the Gargoyle Earth Elementalist began the quest for the Orb.
     0 | D:1      | Reached XP level 1. HP: 10/10 MP: 3/3
   481 | D:1      | Reached XP level 2. HP: 15/15 MP: 0/5
   673 | D:1      | Slain by a kobold

Action                   || total
-------------------------++-------
Melee: Unarmed           ||    19
 Cast: Sandblast         ||    19
